 Dungeon Crawl Stone Soup version 0.28.0-45-g0d030f2227 (webtiles) character file.

Game seed: 4373940416059128361

2933 Kaptain the Geomancer (level 9, -1/55 HPs)
             Began as a Gargoyle Earth Elementalist on Mar 31, 2022.
             Killed from afar by Joseph (9 damage)
             ... with a puff of flame
             ... on level 7 of the Dungeon.
             The game lasted 00:15:00 (7851 turns).

Kaptain the Geomancer (Gargoyle Earth Elementalist) Turns: 7851, Time: 00:15:01

Health: -1/55      AC: 12    Str: 14    XL:     9   Next: 80%
Magic:  1/17       EV: 12    Int: 18    God:
Gold:   112        SH:  0    Dex: 10    Spells: 15/19 levels left

rFire   . . .      SeeInvis .   c - +2 flail (protect)
rCold   . . .      Faith    .   (no shield)
rNeg    + + +      Spirit   .   l - +2 robe {rN+}
rPois   ∞          Reflect  .   q - +0 helmet
rElec   +          Harm     .   (no cloak)
rCorr   .          Rampage  .   (no gloves)
Will    .....                   (no boots)
Stlth   ++........              (no amulet)
HPRegen 0.18/turn               h - ring of wizardry
MPRegen 0.15/turn               z - ring of positive energy

@: invisible
A: sickness immunity, AC +6, negative energy resistance 1, electricity
resistance, torment resistance 1, petrification resistance
a: no special abilities


You were on level 7 of the Dungeon.
You visited 1 branch of the dungeon, and saw 7 of its levels.

You collected 224 gold pieces.
You spent 112 gold pieces at shops.

Inventory:

Hand Weapons
 a - a +0 hunting sling
 c - a +2 flail of protection (weapon)
 k - a +4 dagger
 n - a +0 trident
Missiles
 t - 142 stones
 v - 4 javelins
 E - 2 throwing nets
Armour
 j - an orb of light
 l - a +2 robe of positive energy (worn)
 q - a +0 helmet (worn)
 y - a +1 robe of cold resistance
Magical Staves
 C - a staff of poison
Jewellery
 h - a ring of wizardry (left hand)
 z - a ring of positive energy (right hand)
Wands
 b - a wand of polymorph (23)
 r - a wand of iceblast (12)
 D - a wand of acid (12)
Scrolls
 d - 3 scrolls of identify
 e - 2 scrolls of blinking
 i - a scroll of fear
 m - a scroll of summoning
 s - 2 scrolls of teleportation
 u - 4 scrolls of enchant weapon
 w - a scroll of amnesia
 A - a scroll of vulnerability {unknown}
 H - a scroll of fog {unknown}
Potions
 f - a potion of haste
 g - 2 potions of mutation
 p - a potion of curing
 x - a potion of might
 B - a potion of resistance {unknown}
 F - a potion of lignification {unknown}
 G - a potion of degeneration {unknown}
 I - a potion of heal wounds {unknown}


   Skills:
 * Level 6.2 Fighting
 + Level 4.4 Armour
 + Level 3.7 Dodging
 - Level 2.1 Stealth
 * Level 5.7 Spellcasting
 * Level 6.3 Conjurations
 - Level 0.7 Transmutations
 * Level 8.0 Earth Magic


You had 15 spell levels left.
You knew the following spells:

 Your Spells              Type           Power      Damage    Failure   Level
a - Sandblast             Erth           68%        2d15      1%          1
b - Stone Arrow           Conj/Erth      62%        3d10      1%          3

Your spell library contained the following spells:

 Spells                   Type           Power      Damage    Failure   Level
 Passwall                 Tmut/Erth      16%        N/A       1%          2
 Static Discharge         Conj/Air       16%        N/A       1%          2
 Petrify                  Tmut/Erth      20%        N/A       9%          4
 Lightning Bolt           Conj/Air       8%         1d20      34%         5
 Maxwell's Capacitive Co  Air            2%         ∞         100%        8


Dungeon Overview and Level Annotations

Branches:
Dungeon (7/15)             Temple (0/1) D:4

Altars:
Dithmenos

Shops:
D:6 ?

Annotations:
D:7 Joseph


Innate Abilities, Weirdness & Mutations

You are immune to sickness and miasma.
Your stone body is resilient. (AC +6)
You are immune to poison.
You resist negative energy. (rN+)
You are resistant to electric shocks. (rElec)
You are resistant to unholy torment.
You are immune to petrification.


Message History

Your weapon exudes an aura of protection.
Joseph is heavily wounded.
Joseph unwields a +0 hunting sling.
Joseph wields a +0 quarterstaff.
Joseph hits you but does no damage.
Unknown command.
You feel better. Joseph hits you with a +0 quarterstaff!
* * * LOW HITPOINT WARNING * * *
You feel better. Joseph barely misses you.
You fade into invisibility!
Joseph closely misses you.
You sock Joseph!
Your weapon exudes an aura of protection.
Joseph is severely wounded.
Joseph zaps a wand.
The puff of flame misses you. Joseph hits you but does no damage.
You thump Joseph!
Joseph is almost dead.
Joseph hits you but does no damage.
You hit Joseph.
Joseph is almost dead.
Joseph hits you but does no damage. Joseph barely misses you.
You barely miss Joseph.
Joseph is almost dead.
Joseph misses you.
Unknown command.
You barely miss Joseph.
Joseph is almost dead.
Joseph hits you with a +0 quarterstaff!
* * * LOW HITPOINT WARNING * * *
Casting: Stone Arrow (safe; 1% risk of failure)
Confirm with . or Enter, or press ? or * to list all spells.
Aiming: Sandblast (safe; 1% risk of failure)
Press: ? - help, Shift-Dir - straight line, f/p - Joseph
Aim: Joseph, wielding a +0 quarterstaff, wearing a +1 leather armour of fire resistance, quivering sling bullets and carrying a wand of flame (18) (almost dead, 82% to hit)
The blast of sand hits Joseph.
Joseph is almost dead.
Joseph hits you with a +0 quarterstaff.
* * * LOW HITPOINT WARNING * * *
Joseph zaps a wand.
The puff of flame hits you!
You die...

.. . #. #. #.## ##.<
.#### ..# #... .....# #.#
...
......#######.##########.
......)..................
......@.@).)......#####..
.........##..........##.#
......##................)
.#...# ###..............#
#### #..>............
#..........##..#
#..........#..##
##........#..##
...........#


You could see Joseph.

Vanquished Creatures
  A two-headed ogre (D:5)
  Pikel (D:4)
  Sigmund (D:2)
  An orc warrior (D:7)
  2 sky beasts (D:5)
  A black bear (D:4)
  5 ogres
  A lemure (D:3)
  Blork the orc (D:6)
  A scorpion (D:4)
  A water moccasin zombie (D:5)
  A water moccasin skeleton (D:5)
  3 centaur zombies
  3 hounds
  A bullfrog zombie (D:5)
  An orc priest (D:7)
  2 jellies
  2 gnoll shamans
  An iguana (D:6)
  3 orc wizards (D:3)
  A killer bee zombie (D:6)
  Robin (D:4)
  8 gnolls
  9 adders
  An ufetubus (D:3)
  A worm (D:4)
  5 dart slugs
  13 orcs
  6 endoplasms
  3 giant cockroaches
  12 hobgoblins
  3 jackals (D:4)
  4 quokkas
  7 ball pythons
  4 bats
  A frilled lizard (D:1)
  8 goblins
  7 kobolds
  3 rats
130 creatures vanquished.

Notes
Turn   | Place    | Note
-------+----------+-------------------------------------------
     0 | D:1      | Kaptain the Gargoyle Earth Elementalist began the quest for
                  | the Orb.
     0 | D:1      | Reached XP level 1. HP: 10/10 MP: 3/3
   383 | D:1      | Reached XP level 2. HP: 16/16 MP: 0/5
  1083 | D:2      | Reached skill level 1 in Fighting
  1309 | D:2      | Reached XP level 3. HP: 20/20 MP: 4/6
  1312 | D:2      | Reached skill level 1 in Conjurations
  1312 | D:2      | Reached skill level 4 in Earth Magic
  1620 | D:2      | Reached XP level 4. HP: 20/25 MP: 4/7
  1713 | D:2      | Noticed Sigmund
  1720 | D:2      | Killed Sigmund
  1721 | D:2      | Reached skill level 1 in Armour
  1721 | D:2      | Reached XP level 5. HP: 14/31 MP: 1/9
  1721 | D:2      | Reached XP level 6. HP: 17/36 MP: 1/10
  2008 | D:2      | Found a faded altar of an unknown god.
  2319 | D:3      | Learned a level 3 spell: Stone Arrow
  2575 | D:3      | Reached skill level 5 in Earth Magic
  3069 | D:4      | Noticed Robin
  3074 | D:4      | Killed Robin
  3511 | D:3      | Reached XP level 7. HP: 40/41 MP: 9/12
  3628 | D:4      | Found a staircase to the Ecumenical Temple.
  3855 | D:4      | Noticed Pikel
  4230 | D:4      | Killed Pikel
  4231 | D:4      | Reached skill level 6 in Earth Magic
  4231 | D:4      | Reached XP level 8. HP: 48/48 MP: 0/14
  4711 | D:5      | Entered Level 5 of the Dungeon
  4711 | D:5      | Found a shadowy altar of Dithmenos.
  5167 | D:5      | Noticed a two-headed ogre
  5174 | D:5      | Killed a two-headed ogre
  5175 | D:5      | Reached skill level 5 in Fighting
  5175 | D:5      | Reached skill level 5 in Spellcasting
  5175 | D:5      | Reached skill level 5 in Conjurations
  5175 | D:5      | Reached skill level 7 in Earth Magic
  5175 | D:5      | Reached XP level 9. HP: 26/54 MP: 0/16
  6256 | D:6      | Found Beteg's Magic Scroll Shoppe.
  6264 | D:6      | Noticed Blork the orc
  6269 | D:6      | Killed Blork the orc
  6279 | D:6      | Bought a scroll of blinking for 112 gold pieces
  7608 | D:7      | Reached skill level 8 in Earth Magic
  7831 | D:7      | Noticed Joseph
  7851 | D:7      | Killed from afar by Joseph

Illustrated notes

Levels and vault maps discovered:
D:1:      dpeg_arrival_chambers_temple_mockup, layout_basic
D:2:      layout_loops_ring, dilly_ecumenical_altar_fadedgnrine,
          grunt_ministairs_1, uniq_sigmund
D:3:      layout_rooms
D:4:      layout_cave_pools, temple_green, chequers_serial_rivers_small_3,
          uniq_robin, uniq_pikel
D:5:      layout_loops_ring, mainiacjoe_overflow_concentric_impassable,
          lemuel_old_faithful
D:6:      layout_basic, serial_shops, shop_statue, uniq_blork_the_orc
D:7:      layout_rooms, uniq_joseph

Skill      XL: |  1  2  3  4  5  6  7  8  9 |
---------------+----------------------------+-----
Fighting       | 1 2 3 4 5 6 |  6.2
Conjurations   | 1 2 3 4 5 6 |  6.3
Earth Magic    | 4 5 6 7 8 |  8.0
Armour         | 1 2 3 4 |  4.4
Dodging        | 2 3 |  3.7
Spellcasting   | 3 4 5 |  5.7
Stealth        | |  2.1
Transmutations | |  0.7

Action                   |  1- 3 |  4- 6 |  7- 9 || total
-------------------------+-------+-------+-------++-------
Melee: War axe           |    28 |    37 |       ||    65
       Flail             |       |    22 |    29 ||    51
       Punch             |       |     1 |       ||     1
 Cast: Sandblast         |    41 |    58 |     7 ||   106
       Stone Arrow       |       |     3 |    98 ||   101
  Use: Potion            |       |     4 |     3 ||     7
       Scroll            |       |       |     9 ||     9
 Stab: Sleeping          |     1 |       |       ||     1
Armor: Leather armour    |    18 |    12 |       ||    30
       Robe              |       |    37 |    30 ||    67
Dodge: Dodged            |    32 |    67 |    35 ||   134
